 Dungeon Crawl Stone Soup version 0.31-a0-234-gad7ace16ef (webtiles) character file.

Game seed: 10663004063721253267

15 qw the Shooter (level 2, 0/16 HPs)
             Began as a Gargoyle Hexslinger on July 9, 2023.
             Slain by Sigmund
             ... wielding a +0 scythe
              (4 damage)
             ... on level 2 of the Dungeon.
             The game lasted 00:00:12 (815 turns).

qw the Shooter (Gargoyle Hexslinger)                 Turns: 815, Time: 00:00:12

Health: 0/16       AC:  7    Str: 11    XL:     2   Next: 50%
Magic:  3/3        EV: 10    Int: 13    God:
Gold:   13         SH:  0    Dex: 12    Spells: 2/3 levels left

rFire   . . .        Y - +1 sling
rCold   . . .        (no shield)
rNeg    + . .        h - +0 ring mail
rPois   inf          (no helmet)
rElec   +            (no cloak)
rCorr   .            (no gloves)
SInv    .            (no boots)
Will    .....        (no amulet)
Stlth   +            (no ring)
HPRegen 0.22/turn    (no ring)
MPRegen 0.08/turn

%: no passive effects
@: no status effects
A: sickness immunity, AC +2, negative energy resistance 1, electricity
resistance, torment resistance 1, petrification resistance
a: no special abilities


You were on level 2 of the Dungeon.
You visited 1 branch of the dungeon, and saw 2 of its levels.

You collected 13 gold pieces.


Innate Abilities, Weirdness & Mutations

You are immune to sickness and miasma.
Your stone body is resilient. (AC +2)
You are immune to poison.
You resist negative energy. (rN+)
You are resistant to electric shocks. (rElec)
You are resistant to unholy torment.
You are immune to petrification.


   Skills:
 + Level 1.2 Fighting
 - Level 3.0 Ranged Weapons
 - Level 1.5 Dodging
 - Level 1.0 Spellcasting
 - Level 2.6 Hexes


You had 2 spell levels left.
You knew the following spells:

 Your Spells              Type           Power      Damage    Failure   Level
a - Slow                  Hex            28%        N/A       22%         1

Your spell library contained the following spells:

 Spells                   Type           Power      Damage    Failure   Level
 Inner Flame              Hex/Fire       4%         N/A       75%         3
 Portal Projectile        Hex/Tloc       8%         N/A       75%         3
 Cause Fear               Hex            3%         N/A       92%         4

Inventory:

Hand Weapons
 Y - a +1 sling (weapon)
Armour
 h - a +0 ring mail (worn)
Potions
 a - a potion of curing {unknown}
 d - a potion of invisibility {unknown}
 f - a potion of haste {unknown}
 g - a potion of mutation {unknown}

Dungeon Overview and Level Annotations

Branches:
Dungeon (2/15)

Altars:

Shops:
D:1 (

Annotations:
D:2 Sigmund


Message History

A frilled lizard comes into view.
The frilled lizard hisses angrily.
You shoot a sling bullet.
The sling bullet closely misses the frilled lizard.
You shoot a sling bullet.
The sling bullet misses the frilled lizard.
You shoot a sling bullet.
The sling bullet hits the frilled lizard!
You kill the frilled lizard!
You open the door. As you open the door, it creaks loudly!
Found an escape hatch in the floor.
There is an open door here.
There is an escape hatch in the floor here.
Found a book of Blood.
Sigmund the Dreaded comes into view.
He is wielding a +0 scythe.
Sigmund shouts!
An endoplasm comes into view.
Enter note:
Enter note: You shoot a sling bullet.
The sling bullet hits Sigmund but does no damage.
Sigmund flickers, as though insubstantial.
Sigmund gestures at you while chanting. You resist with significant effort.
You shoot a sling bullet.
The sling bullet closely misses Sigmund.
You shoot a sling bullet. The sling bullet hits Sigmund.
Sigmund is lightly wounded.
You shoot a sling bullet.
The sling bullet closely misses Sigmund.
Sigmund hits you from afar with a +0 scythe!
You shoot a sling bullet. The sling bullet hits the endoplasm.
The endoplasm is severely wounded.
The endoplasm hits you but does no damage.
Sigmund hits you from afar with a +0 scythe.
You shoot a sling bullet. The sling bullet hits the endoplasm.
You kill the endoplasm!
Sigmund hits you from afar with a +0 scythe.
You die...

#...##.....<...#
#.....##.........#
#.##...#.........#
.##.##.#.#.........#
......##.#.........#
.......#.....#'#####
.......###.....#######
.......###.#.#.......#
.....@.@...#.#.......#
......:.###>.........#
........# ##.#.#######
........# #.#.#
.......## #...#
....... #.#.# .......
#.#.# ####### #.#.#
#.#.#


You could see Sigmund.

Vanquished Creatures
  A dart slug (D:1)
  An endoplasm (D:2)
  A giant cockroach (D:1)
  3 goblins (D:1)
  2 quokkas (D:1)
  A bat (D:1)
  A frilled lizard (D:2)
  2 kobolds
  A rat (D:1)
13 creatures vanquished.

Notes
Turn   | Place    | Note
-------+----------+-------------------------------------------
     0 | D:1      | qw the Gargoyle Hexslinger began the quest for the Orb.
     0 | D:1      | Reached XP level 1. HP: 12/12 MP: 2/2
     0 | D:1      | 0 ||| qw: Version: 0.3-a-51-g015441d
     0 | D:1      | 0 ||| qw: Game counter: 4332
     0 | D:1      | 0 ||| qw: Melee chars always use a shield: true
     0 | D:1      | 0 ||| qw: God list: Okawaru
     0 | D:1      | 0 ||| qw: Allow faded altars: false
     0 | D:1      | 0 ||| qw: Do Orc after clearing Dungeon:15 true
     0 | D:1      | 0 ||| qw: Do second Lair branch before Depths: true
     0 | D:1      | 0 ||| qw: Lair rune preference: random
     0 | D:1      | 0 ||| qw: Goals: Normal
     0 | D:1      | 0 ||| PLANNING D:1-11
   211 | D:1      | Reached XP level 2. HP: 11/16 MP: 3/3
   395 | D:1      | Found Jiwk's Antique Weapon Shoppe.
   401 | D:1      | 401 ||| SHOPLISTING glowing orcbow (169 gold, have 0).
   457 | D:1      | Reached skill level 3 in Ranged Weapons
   710 | D:1      | 710 ||| UPGRADING to +0 ring mail.
   720 | D:1      | 720 ||| DROPPING +0 robe.
   721 | D:1      | 721 ||| READING scroll labelled WOKKIW NEQI.
   722 | D:1      | 722 ||| DROPPING scroll of poison.
   809 | D:2      | Noticed Sigmund
   814 | D:2      | HP: 4/16 [Sigmund/+0 scythe (6)]
   815 | D:2      | Slain by Sigmund

Levels and vault maps discovered:
D:1:      dpeg_arrival_court, layout_loops_ring, serial_shops, shop
D:2:      layout_basic, minmay_tree_intersection, uniq_sigmund

Skill      XL: |  1  2 |
---------------+-------+-----
Ranged Weapons | 3 |  3.0
Fighting       | |  1.2
Dodging        | |  1.5
Spellcasting   | |  1.0
Hexes          | |  2.6

Action                     || total
---------------------------++-------
   Fire: Sling             ||    47
    Use: Scroll            ||     1
 Armour: Robe              ||     4
         Ring mail         ||     1
  Dodge: Dodged            ||     7

Table legend:
 A = Non-vault XP
 B = Vault XP
 C = Vault XP percentage of total XP
 D = Non-vault monster count
 E = Vault monster count
 F = Vault count percentage of total count
                 A         B        C        D         E       F
            +---------+---------+-------+---------+---------+-------
      Total |      24 |       0 |   0.0 |      13 |       0 |   0.0
            +---------+---------+-------+---------+---------+-------
        D:1 |      19 |       0 |   0.0 |      10 |       0 |   0.0
        D:2 |       5 |       0 |   0.0 |       3 |       0 |   0.0
            +---------+---------+-------+---------+---------+-------
